 Dungeon Crawl Stone Soup version 0.22-a0-299-g43f9854 (webtiles) character file.

392 Amnesiac the Gusty (level 6, 0/35 HPs)
             Began as a Tengu Air Elementalist on Mar 26, 2018.
             Succumbed to Duvessa's poison
             ... on level 4 of the Dungeon.
             The game lasted 00:05:38 (3168 turns).

Amnesiac the Gusty (Tengu Air Elementalist)         Turns: 3168, Time: 00:05:39

Health: 0/35       AC:  4    Str:  5 (8)  XL:     6   Next: 81%
Magic:  6/12       EV: 14    Int: 17 (18) God:
Gold:   235        SH:  4    Dex: 11 (14) Spells: 7/12 levels left

rFire    . . .     SeeInvis .   t - +2 dagger (holy)
rCold    . . .     Gourm    .   (no shield)
rNeg     . . .     Faith    .   q - +1 leather armour {rPois}
rPois    +         Spirit   .   (helmet restricted)
rElec    .         Reflect  +   (no cloak)
rCorr    .         Harm     .   (no gloves)
MR       +....                  (boots unavailable)
Stlth    ++........             u - +4 amulet of reflection
HPRegen  0.11/turn              r - ring of protection from magic
MPRegen  0.13/turn              (no ring)

@: lethally poisoned (0 -> -12), flying quickly and evasively, very slightly
contaminated, quick
A: beak, talons 3, able to fly 1
a: no special abilities


You were on level 4 of the Dungeon.
You were not hungry.

You visited 1 branch of the dungeon, and saw 4 of its levels.

You collected 235 gold pieces.

Inventory:

Hand Weapons
 k - a +0 spear of freezing
 t - a +2 dagger of holy wrath (weapon)
Armour
 l - a +0 shield
 q - a +1 leather armour of poison resistance (worn)
Jewellery
 r - a ring of protection from magic (left hand)
 s - an uncursed amulet of the gourmand
 u - a +4 amulet of reflection (around neck)
Wands
 p - a wand of iceblast (9)
Scrolls
 b - 6 scrolls of identify {!r, unknown}
 f - a scroll of amnesia {!r, unknown}
 g - 7 scrolls of remove curse {!r, unknown}
 i - 2 scrolls of immolation {!r, unknown}
 m - a scroll of noise {!r, unknown}
 o - 2 scrolls of teleportation {!r, unknown}
 x - a scroll of enchant armour {!r, unknown}
Potions
 a - 2 potions of flight {!q}
 d - 2 potions of curing {!q, unknown}
 e - a potion of might {!q, unknown}
 h - a potion of brilliance {!q, unknown}
 j - 2 potions of degeneration {!q}
 n - a potion of berserk rage {!q, unknown}
 w - a potion of haste {!q, unknown}
Comestibles
 c - 6 rations
 v - 2 chunks of flesh


   Skills:
 + Level 2.1 Fighting
 + Level 3.0 Dodging
 - Level 2.0 Stealth
 + Level 3.6 Spellcasting
 - Level 1.3 Conjurations
 * Level 7.6 Air Magic


You had 7 spell levels left.
You knew the following spells:

 Your Spells              Type           Power        Failure   Level  Hunger
a - Shock                 Conj/Air       ###.         4%          1    None
d - Airstrike             Air            ####......   12%         4    ####...


Dungeon Overview and Level Annotations

Branches:
Dungeon (4/15)
 Temple: D:4-7

Altars:
Elyvilon
Fedhas
Nemelex Xobeh
Wu Jian
Yredelemnul

Shops:
D:4 :

Annotations:
D:4 Duvessa


Innate Abilities, Weirdness & Mutations

You have a beak for a mouth.
You have claws for feet.
You can fly.


Message History

Confirm with . or Enter, or press ? or * to list all spells.
Aiming: Shock (safe; 3% risk of failure)
Press: ? - help, Shift-Dir - straight line The zap misses Duvessa.
The zap hits Dowan.
Dowan is heavily wounded.
The zap misses Dowan.
The zap hits Duvessa.
Duvessa appears unharmed.
Duvessa is lightly wounded.
Duvessa hits you with a short sword of venom!
Casting: Shock (safe; 3% risk of failure)
Confirm with . or Enter, or press ? or * to list all spells.
Aiming: Shock (safe; 3% risk of failure)
Press: ? - help, Shift-Dir - straight line The zap hits Duvessa.
Duvessa appears unharmed.
Duvessa is lightly wounded.
The zap misses Dowan.
The zap hits Dowan.
Dowan is heavily wounded.
The zap hits Duvessa.
Duvessa is moderately wounded.
Duvessa hits you with a short sword of venom.
Dowan says, "Magic and the sword, together, will defeat you."
Casting: Shock (safe; 3% risk of failure)
Confirm with . or Enter, or press ? or * to list all spells.
Aiming: Shock (safe; 3% risk of failure)
Press: ? - help, Shift-Dir - straight line The zap hits Duvessa.
Duvessa appears unharmed.
Duvessa is moderately wounded.
The zap hits Dowan.
Dowan is heavily wounded.
The zap hits Dowan.
Dowan is severely wounded.
The zap hits Duvessa.
Duvessa is moderately wounded.
Duvessa hits you but does no damage.
Casting: Shock (safe; 3% risk of failure)
Confirm with . or Enter, or press ? or * to list all spells.
Aiming: Shock (safe; 3% risk of failure)
Press: ? - help, Shift-Dir - straight line The zap hits Duvessa.
Duvessa is moderately wounded.
The zap hits Dowan.
You kill Dowan!
Duvessa screams, "No!
How DARE you!"
Duvessa goes berserk!
Your Fighting skill increases to level 2!
Your Dodging skill increases to level 3!
The zap hits Duvessa.
Duvessa appears unharmed.
Duvessa is moderately wounded.
Duvessa hits you with a short sword of venom!
* * * LOW HITPOINT WARNING * * *
Duvessa hits you with a short sword of venom!
* * * LOW HITPOINT WARNING * * *
You are lethally poisoned!
Okay, then.
Really quaff
a - 3 black potions {!q}?
It was a potion of flight {!q}.
You feel very buoyant.
You swoop lightly up into the air.
* * * LOW HITPOINT WARNING * * *
You feel sick. Duvessa barely misses you.
Really quaff
j - 3 viscous puce potions {!q}?
It was a potion of degeneration {!q}.
There was something very wrong with that liquid.
You feel weakened.
You feel dopey.
You feel clumsy.
You die...

#.# ###.....
#.######.....####
#......# ....####
###.....#
........
#.......#
.....#.#
#.#.....#
........
#.#.....# ###.#..
#.####### #.#.#
#@# #.... #e#
###.. #)# ###
#.$.e.... #
########. ## ...
### # #


You could see Duvessa (berserk).

Vanquished Creatures
  An ogre (D:4)
  The ghost of TheNamelessOne the Firebug, an amateur DsFE (D:4)
  Dowan (D:4)
  A hound (D:4)
  Ijyb (D:3)
  A gnoll (D:1)
  4 adders
  An ooze (D:1)
  2 worms
  3 dart slugs
  3 leopard geckos
  An orc (D:3)
  2 giant cockroaches
  13 goblins
  10 hobgoblins
  5 bats
  4 frilled lizards
  6 kobolds
  A quokka skeleton (D:4)
  A quokka zombie (D:2)
  11 rats
73 creatures vanquished.

Notes
Turn   | Place    | Note
-------+----------+-------------------------------------------
     0 | D:1      | Amnesiac the Tengu Air Elementalist began the quest for the Orb.
     0 | D:1      | Reached XP level 1. HP: 10/10 MP: 4/4
   232 | D:1      | Reached XP level 2. HP: 15/15 MP: 0/6
   554 | D:1      | Reached skill level 5 in Air Magic
   578 | D:1      | Reached XP level 3. HP: 19/19 MP: 0/7
  1286 | D:2      | Reached XP level 4. HP: 14/24 MP: 3/9
  1294 | D:2      | Learned a level 4 spell: Airstrike
  1698 | D:2      | Reached skill level 6 in Air Magic
  1883 | D:3      | Found a blossoming altar of Fedhas.
  1905 | D:3      | Found a white marble altar of Elyvilon.
  1918 | D:3      | Noticed Ijyb
  1956 | D:3      | Killed Ijyb
  2072 | D:3      | Gained mutation: You can fly. [Tengu growth]
  2072 | D:3      | Reached XP level 5. HP: 28/28 MP: 8/10
  2243 | D:3      | Reached skill level 1 in Fighting
  2364 | D:3      | Found a basalt altar of Yredelemnul.
  2595 | D:4      | Noticed an ogre
  2600 | D:4      | Killed an ogre
  2600 | D:4      | Reached skill level 7 in Air Magic
  2600 | D:4      | Reached XP level 6. HP: 34/34 MP: 5/11
  2804 | D:4      | Found Xaok's Book Shop.
  2877 | D:4      | Found an ornate altar of the Wu Jian Council.
  2887 | D:4      | Found a sparkling altar of Nemelex Xobeh.
  3010 | D:4      | Noticed TheNamelessOne's ghost (amateur DsFE)
  3012 | D:4      | Killed TheNamelessOne's ghost
  3157 | D:4      | Noticed Duvessa
  3157 | D:4      | Noticed Dowan
  3166 | D:4      | Killed Dowan
  3167 | D:4      | HP: 1/35 [poisoned by Duvessa]
  3168 | D:4      | Succumbed to Duvessa's poison

Vault maps used:
D:1:      dpeg_arrival_solitude
D:3:      old_standard_altar, lemuel_crystal_altar, elyvilon_altar_3,
          minmay_splitting_lines, uniq_ijyb
D:4:      amethyst_overflow_temple_binary, first_ration, serial_shops,
          shop_statue, uniq_duvessa, uniq_crazy_yiuf_cottage

Skill      XL: |  1  2  3  4  5  6 |
---------------+-------------------+-----
Air Magic      | 5 6 7 |  7.6
Spellcasting   | 3 |  3.6
Fighting       | 1 2 |  2.1
Dodging        | 3 |  3.0
Stealth        | |  2.0
Conjurations   | |  1.3

Action                   |  1- 3 |  4- 6 || total
-------------------------+-------+-------++-------
Melee: Unarmed           |     6 |       ||     6
       Peck              |     1 |       ||     1
       Kick              |     1 |     2 ||     3
       Spear             |     6 |       ||     6
       Dagger            |       |     2 ||     2
 Cast: Shock             |    61 |   109 ||   170
       Airstrike         |       |     3 ||     3
  Use: Potion            |       |     2 ||     2
  Eat: Chunk             |     2 |     6 ||     8
Armor: Robe              |     2 |     3 ||     5
       Leather armour    |       |     2 ||     2
Dodge: Dodged            |    14 |    13 ||    27
Block: Other             |       |     1 ||     1

Table legend:
 A = Spawn XP
 B = Non-spawn XP
 C = Spawn XP percentage of total XP
 D = Spawn monster count
 E = Non-spawn monster count
 F = Spawn count percentage of total count
 G = Total turns spent on level
                    A         B        C        D         E        F      G
               +---------+---------+-------+---------+---------+-------+---------
         Total |       0 |     561 |   0.0 |       0 |      73 |   0.0 |  3168
               +---------+---------+-------+---------+---------+-------+---------
           D:1 |       0 |      53 |   0.0 |       0 |      19 |   0.0 |  1013
           D:2 |       0 |      63 |   0.0 |       0 |      22 |   0.0 |   750
           D:3 |       0 |      94 |   0.0 |       0 |      25 |   0.0 |   816
           D:4 |       0 |     351 |   0.0 |       0 |       7 |   0.0 |   589
               +---------+---------+-------+---------+---------+-------+---------
